 Dungeon Crawl Stone Soup version 0.17.1-3-g152610e (webtiles) character file.

17775 Gargoyl the Cleaver (level 12, 0/142 HPs)
             Began as a Demonspawn Abyssal Knight on Mar 12, 2016.
             Was a High Priest of Lugonu.
             Succumbed to a black mamba's poison
             ... on level 2 of the Lair of Beasts.
             The game lasted 00:43:03 (20417 turns).

Gargoyl the Cleaver (Demonspawn Abyssal Knight)    Turns: 20417, Time: 00:43:03

Health: 0/142      AC: 28    Str: 22    XL:     12   Next: 21%
Magic:  15/15      EV:  8    Int: 15    God:    Lugonu [*****.]
Gold:   744        SH: 14    Dex: 12    Spells: 0 memorised, 11 levels left

rFire  . . .     SeeInvis .     D - +0 war axe (freeze)
rCold  + + .     Clarity  +     G - +0 plate armour
rNeg   . . .     SustAt   +     v - +3 shield
rPois  .         Gourm    .     (no helmet)
rElec  .         Spirit   .     o - +2 cloak
rCorr  .         Warding  .     d - +2 pair of gloves
rMut   .         Stasis   .     q - +0 pair of boots
MR     .....                    a - amulet of clarity
Stlth  ..........               t - ring of protection from cold
                                E - ring of sustain attributes

@: berserking, lethally poisoned (0 -> -15), very quick, not resistant to
hostile enchantments, extremely unstealthy
A: hooves 2, iridescent scales 2, cold resistance 1, demonic guardian 1
a: Depart the Abyss, Bend Space, Banish, Corrupt, Enter the Abyss, Renounce
Religion


You were on level 2 of the Lair of Beasts.
You worshipped Lugonu.
Lugonu was extremely pleased with you.
You were not hungry.

You visited 2 branches of the dungeon, and saw 12 of its levels.
You visited the Abyss 1 time.

You collected 744 gold pieces.

Inventory:

Hand Weapons
 b - a +1 flail
 D - a +0 war axe of freezing (weapon)
Missiles
 g - 15 tomahawks
 H - 3 javelins (quivered)
Armour
 d - a +2 pair of gloves (worn)
 o - a +2 cloak (worn)
 q - a +0 pair of boots (worn)
 v - a +3 shield (worn)
 G - a +0 plate armour (worn)
Jewellery
 a - an amulet of clarity (around neck)
 t - a ring of protection from cold (right hand)
 E - a ring of sustain attributes (left hand)
Wands
 h - a wand of frost (12)
 k - a wand of flame (18)
 l - a wand of lightning (9)
 y - a wand of enslavement (0)
 F - a wand of slowing (36)
Scrolls
 f - 4 scrolls of blinking
 j - 3 scrolls of identify
 p - a scroll of amnesia
 r - 5 scrolls of remove curse
 x - a scroll of teleportation
 B - a scroll of magic mapping
 I - a scroll of fog
Potions
 n - a potion of flight
 s - a potion of brilliance
 M - 2 potions of lignification
Books
 u - a book of Ice

   Spells                             Type                      Level
   a - Ice Form                       Ice/Transmutation            4
   b - Metabolic Englaciation         Hexes/Ice                    5
   c - Ozocubu's Refrigeration        Ice                          6
   d - Bolt of Cold                   Conjuration/Ice              6
   e - Freezing Cloud                 Conjuration/Ice/Air          6
   f - Simulacrum                     Ice/Necromancy               6
 w - a book of Envenomations

   Spells                             Type                      Level
   a - Spider Form                    Transmutation/Poison         3
   b - Alistair's Intoxication        Transmutation/Poison         4
   c - Olgreb's Toxic Radiance        Poison                       4
   d - Poisonous Cloud                Conjuration/Poison/Air       6
 A - a book of the Dragon

   Spells                             Type                      Level
   a - Flame Tongue                   Conjuration/Fire             1
   b - Cause Fear                     Hexes                        4
   c - Bolt of Fire                   Conjuration/Fire             6
   d - Dragon Form                    Transmutation                7
   e - Dragon's Call                  Summoning                    9
 J - a book of Fire

   Spells                             Type                      Level
   a - Ignite Poison                  Fire/Transmutation/Poison    3
   b - Fireball                       Conjuration/Fire             5
   c - Bolt of Fire                   Conjuration/Fire             6
   d - Delayed Fireball               Conjuration/Fire             7
   e - Ring of Flames                 Charms/Fire                  7
Comestibles
 c - 4 bread rations
 i - 6 meat rations
 m - 6 beef jerkies


   Skills:
 + Level 9.0 Fighting
 + Level 9.2 Axes
 + Level 1.0 Throwing
 + Level 9.0 Armour
 + Level 6.1 Dodging
 + Level 3.0 Stealth
 + Level 8.9 Shields
 + Level 4.0 Invocations


You had 11 spell levels left.
You didn't know any spells.

Dungeon Overview and Level Annotations

Branches:
Dungeon (9/15)             Temple (0/1) D:5            Lair (3/8) D:9
    Orc (0/4) D:9
  Swamp: Lair:3-6    Shoals: Lair:3-6     Snake: Lair:3-6    Spider: Lair:3-6

Altars:
Ashenzari
Cheibriados
Gozag
Nemelex Xobeh
Okawaru
Trog
Yredelemnul
The Shining One

Annotations:
Abyss:1 Erolcha, Menkaure


Innate Abilities, Weirdness & Mutations

You have hoof-like feet.
You are mostly covered in iridescent scales (AC +6).
Your flesh is cold resistant.
A weak demonic guardian rushes to your aid.


Message History

The black mamba bites you but does no damage.
Drink which item? (? for menu, Esc to quit)
A red film seems to cover your vision as you go berserk!
You feel yourself moving faster!
You feel mighty!
You feel less woody.
Your +2 cloak unmelds from your body.
Your +2 pair of gloves unmelds from your body.
Your +0 pair of boots unmelds from your body.
Your +0 plate armour unmelds from your body.
* * * LOW HITPOINT WARNING * * *
You feel sick.
The black mamba is no longer moving slowly.
You block the black mamba's attack.
You completely miss the black mamba.
The black mamba is heavily wounded.
* * * LOW HITPOINT WARNING * * *
You feel sick. You block the black mamba's attack.
You hit the black mamba. You freeze the black mamba.
The black mamba is severely wounded.
You die...

..# #.#.. ..###....
....### .........
###...#.# ....#####
#.......## ....#
#........# .#.###
####.......##
.....#####P###.......###
............##.........#
...#.##.##......@S......
.....# #.P.....#.....#P
##...# ##....#.###....#
###.###.............##
###...####..P#..###...#
.###.#...#.###### ...#
.P##.......P#######..#.#
...#...................#
............P###.......


You could see a black mamba.

Vanquished Creatures
  The ghost of chimenez the Covert, a journeyman OpAs of Dithmenos (Lair:2)
  Maurice (D:8)
  9 spiny frogs
  A komodo dragon (Lair:1)
  3 trolls (D:9)
  18 blink frogs
  7 wolves
  A hungry ghost (D:8)
  A wyvern (Lair:2)
  A hippogriff (Lair:1)
  16 yaks
  The ghost of Sneal the Cudgeler, an amateur GrBe of Trog (D:3)
  4 water moccasins
  8 porcupines
  A black bear (D:6)
  4 orc warriors
  A wasp (D:7)
  An ogre (D:8)
  2 sky beasts
  A phantom (D:9)
  An ice beast (D:8)
  A centaur (D:8)
  A crocodile (Lair:2)
  A wyvern zombie (D:7)
  6 giant frogs
  2 scorpions
  An electric eel (D:9)
  8 killer bees
  12 hounds
  4 orc priests
  2 crimson imps
  A centaur zombie (D:9)
  2 orc wizards
  Crazy Yiuf (D:3)
  A giant frog skeleton (D:9)
  3 jellies
  2 giant frog zombies
  4 iguanas
  Terence (D:2)
  Natasha (thrice) (D:3)
  10 worker ants
  2 hound skeletons
  9 gnolls
  7 river rats (Lair:1)
  9 adders
  2 shadow imps
  An ooze (D:2)
  An adder skeleton (D:6)
  3 giant geckos
  29 orcs
  A ball python (D:3)
  8 giant cockroaches
  10 hobgoblins
  12 jackals
  11 kobolds
  2 quokkas
  5 bats
  8 giant newts
  6 goblins
  A jackal skeleton (D:4)
  2 quokka skeletons
  10 rats
  A plant (Lair:2)
289 creatures vanquished.

Vanquished Creatures (collateral kills)
  A manticore (D:9)
  A spiny frog (Lair:1)
  6 blink frogs
  The ghost of Name63 the Magician, an amateur GrWz (D:4)
  Eustachio (D:6)
  3 wolves
  A water moccasin (Lair:2)
  A giant frog (D:7)
  A killer bee (D:9)
  An orc wizard (D:4)
  A gnoll shaman (D:6)
  A worker ant (D:6)
  2 gnolls (D:6)
  2 adders
  An orc (D:9)
24 creatures vanquished.

Vanquished Creatures (others)
  An electric eel (D:9)
  An orc priest (Lair:1)
  An adder (D:3)
  4 fungi
  3 plants
10 creatures vanquished.

Grand Total: 323 creatures vanquished

Notes
Turn   | Place    | Note
--------------------------------------------------------------
     0 | Abyss:1  | Gargoyl the Demonspawn Abyssal Knight began the quest for the Orb.
     0 | Abyss:1  | Reached XP level 1. HP: 18/18 MP: 2/2
   112 | Abyss:1  | Noticed an orange demon
   113 | D:1      | Escaped the Abyss
   221 | D:1      | Reached * piety under Lugonu
   413 | D:1      | Gained mutation: You are partially covered in iridescent scales (AC +4). [demonic ancestry]
   413 | D:1      | Reached XP level 2. HP: 24/24 MP: 4/4
   739 | D:2      | Reached skill level 1 in Dodging
   788 | D:2      | Found a shattered altar of Ashenzari.
   788 | D:2      | Noticed Terence
   818 | D:2      | Killed Terence
   818 | D:2      | Reached XP level 3. HP: 6/30 MP: 5/5
  1460 | D:2      | Reached ** piety under Lugonu
  3237 | D:2      | Reached XP level 4. HP: 37/37 MP: 6/6
  3454 | D:2      | Reached skill level 4 in Fighting
  5189 | D:2      | Found an iron altar of Okawaru.
  5268 | D:3      | Gained mutation: You are mostly covered in iridescent scales (AC +6). [demonic ancestry]
  5268 | D:3      | Reached XP level 5. HP: 35/42 MP: 7/7
  5347 | D:3      | Noticed Natasha
  5363 | D:3      | Killed Natasha
  5434 | D:3      | Noticed Sneal's ghost (amateur GrBe)
  5572 | D:4      | Noticed Name63's ghost (amateur GrWz)
  5786 | D:4      | Gained mutation: A weak demonic guardian rushes to your aid. [demonic ancestry]
  5786 | D:4      | Reached XP level 6. HP: 22/48 MP: 8/8
  6434 | D:4      | Killed Name63's ghost
  6434 | D:4      | Gained mutation: You have large cloven feet. [demonic ancestry]
  6434 | D:4      | Reached XP level 7. HP: 23/54 MP: 9/9
  7151 | D:3      | Killed Sneal's ghost
  7309 | D:3      | Noticed Natasha
  7314 | D:3      | Killed Natasha
  7330 | D:3      | Found a snail-covered altar of Cheibriados.
  7333 | D:3      | Noticed Natasha
  7341 | D:3      | Killed Natasha
  7729 | D:3      | Noticed Crazy Yiuf
  7743 | D:3      | Paralysed by Crazy Yiuf for 5 turns
  7749 | D:3      | HP: 4/82 [Crazy Yiuf/quarterstaff of chaos (7)]
  7750 | D:3      | Killed Crazy Yiuf
  8304 | D:5      | Entered Level 5 of the Dungeon
  8304 | D:5      | Found a sparkling altar of Nemelex Xobeh.
  8458 | D:5      | Found a staircase to the Ecumenical Temple.
  8653 | D:5      | Found a glowing golden altar of the Shining One.
  8763 | D:6      | Reached *** piety under Lugonu
  8800 | D:6      | Found a basalt altar of Yredelemnul.
  8907 | D:6      | Noticed Menkaure
  8912 | D:6      | Gained mutation: Your flesh is cold resistant. [demonic ancestry]
  8912 | D:6      | Reached XP level 8. HP: 23/61 MP: 10/10
  8920 | D:6      | Banished Menkaure
  8920 | D:6      | Reached skill level 5 in Armour
  9217 | D:6      | Reached skill level 5 in Fighting
  9273 | D:6      | Reached skill level 1 in Shields
  9400 | D:6      | Noticed Eustachio
  9425 | D:6      | Killed Eustachio
  9756 | D:6      | Reached skill level 5 in Dodging
 10199 | D:7      | Found an opulent altar of Gozag.
 10253 | D:7      | Found a bloodstained altar of Trog.
 10290 | D:7      | Reached skill level 1 in Stealth
 10442 | D:7      | Reached skill level 5 in Axes
 10585 | D:7      | Reached XP level 9. HP: 68/68 MP: 11/11
 10695 | D:7      | Got a fine ring mail
 10696 | D:7      | Identified the +1 ring mail of Sloth {rF+ rN+ Stlth+} (You found it on level 7 of the Dungeon)
 11275 | D:8      | Reached skill level 6 in Armour
 11385 | D:8      | Reached **** piety under Lugonu
 12300 | D:9      | Noticed Maurice
 12554 | D:8      | Killed Maurice
 12932 | D:8      | Reached skill level 5 in Shields
 13312 | D:9      | Reached XP level 10. HP: 72/77 MP: 12/12
 13682 | D:9      | Noticed Erolcha
 13683 | D:9      | Banished Erolcha
 13691 | D:9      | Reached skill level 7 in Armour
 14363 | D:9      | Found a staircase to the Lair.
 14587 | D:9      | Noticed a manticore
 14605 | D:9      | Killed a manticore
 14926 | D:9      | Found a staircase to the Orcish Mines.
 15392 | Lair:1   | Entered Level 1 of the Lair of Beasts
 15681 | Lair:1   | Got a shimmering robe
 15682 | Lair:1   | Identified the +1 robe "Imuexke" {rF+} (You found it on level 1 of the Lair of Beasts)
 15759 | Lair:1   | Reached XP level 11. HP: 62/84 MP: 13/13
 15760 | Lair:1   | Reached ***** piety under Lugonu
 16052 | Lair:1   | Reached skill level 8 in Axes
 16522 | Lair:1   | HP: 5/129 [spiny frog (4)]
 16911 | Lair:1   | Reached skill level 1 in Throwing
 19595 | Lair:2   | Noticed chimenez's ghost (journeyman OpAs)
 19618 | Lair:2   | Gained mutation: You have hoof-like feet. [demonic ancestry]
 19618 | Lair:2   | Reached XP level 12. HP: 87/94 MP: 15/15
 19730 | Lair:2   | Killed chimenez's ghost
 19730 | Lair:2   | Reached skill level 9 in Axes
 20414 | Lair:2   | HP: 4/142 [black mamba (9)]
 20417 | Lair:2   | Succumbed to a black mamba's poison

Action                   |  1- 3 |  4- 6 |  7- 9 | 10-12 || total
-------------------------+-------+-------+-------+-------++-------
Melee: Hand axe          |   128 |   201 |   513 |       ||   842
       War axe           |       |       |   385 |   825 ||  1210
Throw: Tomahawk          |       |       |     3 |       ||     3
       Javelin           |       |       |       |     8 ||     8
Invok: Depart the Abyss  |     1 |       |       |       ||     1
       Banish            |       |       |     2 |     4 ||     6
       Bend Space        |       |       |       |     1 ||     1
  Use: Potion            |     3 |       |     3 |    11 ||    17
       Scroll            |       |       |    14 |    10 ||    24
 Stab: Distracted        |       |       |     1 |     9 ||    10
  Eat: Chunk             |     2 |     6 |    26 |    12 ||    46
       Bread ration      |     1 |     1 |       |     2 ||     4
       Beef jerky        |       |       |     2 |     2 ||     4
       Fruit             |       |       |     1 |     7 ||     8
